 Dungeon Crawl Stone Soup version 0.28-a0-750-g7c675f85b1 (webtiles) character file.

Game seed: 8439407701076905238

682 KoroneIsBestGirl the Skirmisher (level 7, -15/38 HPs)
             Began as a Vine Stalker Berserker on Oct 29, 2021.
             Was a Priest of Trog.
             Demolished by a shadow (19 damage)
             ... on level 5 of the Dungeon.
             The game lasted 00:05:14 (5025 turns).

KoroneIsBestGirl the Skirmisher (VSBe)              Turns: 5025, Time: 00:05:15

Health: -15/38     AC:  9    Str: 21    XL:     7   Next: 61%
Magic:  0/8        EV: 13    Int:  7    God:    Trog [***...]
Gold:   191        SH:  0    Dex: 14    Spells: 6/6 levels left

rFire   . . .      SeeInvis .   a - +0 falchion
rCold   + . .      Faith    .   (no shield)
rNeg    . . .      Spirit   +   l - +2 leather armour {rC+}
rPois   .          Reflect  .   (no helmet)
rElec   .          Harm     .   (no cloak)
rCorr   .          Rampage  .   q - +2 pair of gloves
Will    .....                   h - +0 pair of boots
Stlth   +.........              (no amulet)
HPRegen 1.12/turn               (no ring)
MPRegen 0.11/turn               (no ring)

@: about to teleport, on berserk cooldown, slowed, very slow
A: fangs 2, regeneration 1, magic shield, antimagic bite, no potion heal 2
a: Renounce Religion, Berserk, Trog's Hand


You were on level 5 of the Dungeon.
You worshipped Trog.
Trog was most pleased with you.
You visited 1 branch of the dungeon, and saw 5 of its levels.

You collected 191 gold pieces.

Inventory:

Hand Weapons
 a - a +0 falchion (weapon)
Missiles
 o - a throwing net (quivered)
Armour
 h - a +0 pair of boots (worn)
 l - a +2 leather armour of cold resistance (worn)
 q - a +2 pair of gloves (worn)
Scrolls
 b - a scroll of brand weapon
 c - a scroll of acquirement
 e - 2 scrolls of identify
 k - a scroll of teleportation
 m - a scroll of amnesia
 n - a scroll of fear
 p - a scroll of silence
Potions
 d - 2 potions of curing {unknown}
 f - a potion of attraction {unknown}
 i - a potion of cancellation {unknown}
 j - a potion of heal wounds {unknown}


   Skills:
 + Level 4.5 Fighting
 + Level 4.5 Long Blades
 + Level 3.6 Armour
 + Level 3.6 Dodging


You had 6 spell levels left.
You didn't know any spells.
Your spell library was empty.

Dungeon Overview and Level Annotations

Branches:
Dungeon (5/15)
 Temple: D:4-7

Altars:
Uskayaw
The Shining One


Innate Abilities, Weirdness & Mutations

You have extremely sharp teeth.
Your natural rate of healing is unusually fast.
When hurt, damage is shared between your health and your magic reserves.
Your bite disrupts and absorbs the magic of your enemies.
Potions cannot restore your health.


Message History

You are too injured to fight recklessly!
You are too injured to fight recklessly!
You are too injured to fight recklessly!
You are too injured to fight recklessly!
You are too injured to fight recklessly!
You are too injured to fight recklessly!
You are too injured to fight recklessly!
You are too injured to fight recklessly!
You are too injured to fight recklessly!
You are too injured to fight recklessly!
You are too injured to fight recklessly!
You are too injured to fight recklessly!
You are too injured to fight recklessly!
The shadow slips into darkness.
The shadow flickers and vanishes!
Deactivating autopickup; reactivate with Ctrl-A.
The howler monkey zombie hits you but does no damage.
The shadow strikes at you from the darkness!
* * * LOW HITPOINT WARNING * * *
Reactivating autopickup.
Okay, then.
Found a stone staircase leading up.
The shadow slips into darkness.
The shadow flickers and vanishes!
Deactivating autopickup; reactivate with Ctrl-A.
As you read the scroll of magic mapping, it crumbles to dust.
You feel aware of your surroundings.
You sensed 1 altar.
The shadow strikes at you from the darkness!
* * * LOW HITPOINT WARNING * * *
Reactivating autopickup.
The howler monkey zombie barely misses you.
The shadow slips into darkness.
The shadow flickers and vanishes!
Deactivating autopickup; reactivate with Ctrl-A.
As you read the scroll of teleportation, it crumbles to dust.
You feel strangely unstable.
The howler monkey zombie hits you but does no damage.
The shadow strikes at you from the darkness!
Ouch! That really hurt!
You die...

#.......# #.#...# # #.......#
#.....# # #.......# ##.)..# #
##+##...#####....# #
*********+*#....,..##...# #
,,,,,,,,,,,.##.###.##...# #
,,,,,,,.,...##.#.#.##...#########
,,,,,,,....<.....#....>.##...#...
,,,,,,,....,*#.#@#.##..###.#.#.##
,,,,,,,.....*#.#{Z..#......#.#.#
,,,,,,,.....##.#....#....###.#.#
,,,,,,,.......{#.#######.# #.#.#
,,,,,,,........#.# #.# #.#.#
,,,,,,,..8.8.8...# #.# #.#.##
,,,,,,,..........# #.# #.#...
,,,,,,,......(.#.# #.# #.###)
,,,,,,,.#........# #.# #.....


You could see a howler monkey zombie.

Vanquished Creatures
  A gnoll sergeant (D:4)
  A scorpion (D:5)
  A wyvern skeleton (D:5)
  A bullfrog zombie (D:3)
  2 hounds
  A jelly (D:5)
  2 iguanas
  2 orc wizards (D:3)
  A hound skeleton (D:4)
  11 gnolls
  4 adders
  2 adder skeletons
  4 worms
  13 orcs
  7 endoplasms
  4 giant cockroaches
  6 goblins
  6 hobgoblins
  6 jackals
  7 quokkas
  5 ball pythons
  8 bats
  3 frilled lizards
  7 kobolds
  4 rats
109 creatures vanquished.

Vanquished Creatures (others)
  6 fungi (D:2)
  3 plants (D:2)
9 creatures vanquished.

Grand Total: 118 creatures vanquished

Notes
Turn   | Place    | Note
-------+----------+-------------------------------------------
     0 | D:1      | KoroneIsBestGirl the Vine Stalker Berserker began the quest
                  | for the Orb.
     0 | D:1      | Reached XP level 1. HP: 11/11 MP: 2/2
    21 | D:1      | Reached XP level 2. HP: 7/16 MP: 3/3
   710 | D:1      | Reached XP level 3. HP: 11/19 MP: 2/4
   989 | D:1      | Reached ** piety under Trog
  2171 | D:2      | Gained mutation: Your natural rate of healing is unusually
                  | fast. [Vine Stalker growth]
  2171 | D:2      | Reached XP level 4. HP: 18/24 MP: 5/5
  2357 | D:2      | Found a faded altar of an unknown god.
  3025 | D:3      | Reached XP level 5. HP: 23/28 MP: 6/6
  3135 | D:3      | Reached *** piety under Trog
  3445 | D:3      | Reached XP level 6. HP: 33/33 MP: 7/7
  4435 | D:4      | Reached XP level 7. HP: 14/37 MP: 5/8
  4677 | D:5      | Entered Level 5 of the Dungeon
  4677 | D:5      | Found a glowing golden altar of the Shining One.
  4971 | D:5      | Identified a scroll of acquirement
  4998 | D:5      | Found a hide-covered altar of Uskayaw.
  5014 | D:5      | Noticed a shadow
  5025 | D:5      | Demolished by a shadow

Illustrated notes

Levels and vault maps discovered:
D:1:      noname_arrival_rooms_in_the_neighbourhood, layout_rooms
D:2:      layout_basic, shapermc_ecumenical_altar_mp_urbaneastern, st_stairs_10,
          minmay_tromino_i2
D:3:      layout_basic, minmay_misc_feat_alley, grunt_ministairs_10
D:4:      cheibrodos_quashed, layout_basic
D:5:      layout_basic, hangedman_ru_absence, eat_drink_and_be_merry_uskayaw,
          mainiacjoe_overflow_paths, uniq_ijyb

Skill      XL: |  1  2  3  4  5  6 |
---------------+-------------------+-----
Long Blades    | 3 4 |  4.5
Fighting       | 3 4 |  4.5
Armour         | 2 3 |  3.6
Dodging        | 2 3 |  3.6

Action                   |  1- 3 |  4- 6 |  7- 9 || total
-------------------------+-------+-------+-------++-------
Melee: Falchion          |   105 |   191 |    35 ||   331
       Bite              |    27 |    56 |    13 ||    96
Invok: Berserk           |     3 |     4 |     2 ||     9
  Use: Scroll            |       |       |     9 ||     9
Armor: Animal skin       |    25 |     1 |       ||    26
       Ring mail         |       |    72 |       ||    72
       Leather armour    |       |    19 |     6 ||    25
Dodge: Dodged            |    85 |   128 |    27 ||   240

Table legend: (Time is in decaauts)
 A = Elapsed time spent in this place.
 B = Non-inter-level travel time spent in this place.
 C = Inter-level travel time spent in this place.
 D = Time resting spent in this place.
 E = Time spent auto-exploring this place.
 F = Levels seen in this place.
 G = Mean time per level.
                   A        B        C        D        E       F      G
               +--------+--------+--------+--------+--------+-----+--------+
         Total |   5126 |   4912 |    214 |    767 |   3349 |   5 | 1025.2 |
       Dungeon |   5126 |   4912 |    214 |    767 |   3349 |   5 | 1025.2 |
               +--------+--------+--------+--------+--------+-----+--------+

Top non-repeatable levels by time:
     D:1: 1714 daAuts
     D:2: 1233 daAuts
     D:3: 1057 daAuts
     D:4: 758 daAuts
     D:5: 363 daAuts
